 Dungeon Crawl Stone Soup version 0.27-a0-277-g024f7ef292 (webtiles) character file.

Game seed: 9241356716526627369

395 Borgoz the Cudgeller (level 6, -5/38 HPs)
             Began as a Gargoyle Gladiator on Feb 5, 2021.
             Killed from afar by Natasha (8 damage)
             ... with a magic dart
             ... on level 3 of the Dungeon.
             The game lasted 00:02:57 (2713 turns).

Borgoz the Cudgeller (Gargoyle Gladiator)           Turns: 2713, Time: 00:02:58

Health: -5/38      AC: 10    Str: 17    XL:     6   Next: 82%
Magic:  6/6        EV: 13    Int:  9    God:
Gold:   178        SH:  0    Dex: 13    Spells: 5/5 levels left

rFire    . . .     SeeInvis .   a - +0 flail
rCold    . . .     Faith    .   (no shield)
rNeg     + . .     Spirit   .   b - +0 leather armour
rPois    ∞         Reflect  .   c - +0 helmet
rElec    +         Harm     .   (no cloak)
rCorr    .         Rampage  .   m - +0 pair of gloves (curse)
Will     .....                  (no boots)
Stlth    +.........             (no amulet)
HPRegen  0.12/turn              (no ring)
MPRegen  0.10/turn              (no ring)

@: no status effects
A: negative energy resistance 1, electricity resistance, unbreathing,
petrification resistance, miasma immunity, AC +4
a: no special abilities


You were on level 3 of the Dungeon.
You visited 1 branch of the dungeon, and saw 3 of its levels.

You collected 178 gold pieces.

Inventory:

Hand Weapons
 a - a +0 flail (weapon)
Missiles
 d - 2 throwing nets (quivered)
Armour
 b - a +0 leather armour (worn)
 c - a +0 helmet (worn)
 m - a cursed +0 pair of gloves (worn)
Scrolls
 e - a scroll of fear
 g - 2 scrolls of remove curse {unknown}
 h - 2 scrolls of fog {unknown}
 i - a scroll of enchant weapon
 j - a scroll of teleportation {unknown}
Potions
 f - a potion of haste {unknown}
 k - a potion of resistance {unknown}
 l - a potion of might
 n - a potion of mutation {unknown}


   Skills:
 + Level 4.2 Fighting
 + Level 4.5 Maces & Flails
 - Level 1.7 Throwing
 + Level 3.3 Armour
 + Level 3.7 Dodging


You had 5 spell levels left.
You didn't know any spells.
Your spell library contained the following spells:

 Spells                   Type           Power        Failure   Level
 Animate Skeleton         Necr           0%           43%         1
 Apportation              Tloc           0%           43%         1
 Corona                   Hex            0%           43%         1
 Summon Small Mammal      Summ           0%           43%         1


Dungeon Overview and Level Annotations

Branches:
Dungeon (3/15)

Altars:

Annotations:
D:3 Natasha


Innate Abilities, Weirdness & Mutations

You are resistant to torment.
Your stone body is resilient. (AC +4)
You are immune to poison.
You resist negative energy. (rN+)
You are resistant to electric shocks. (rElec)
You can survive without breathing.
You are immune to petrification.
You are immune to miasma.


Message History

The puff of frost hits you.
* * * LOW HITPOINT WARNING * * *
The crimson imp barely misses you.
You completely miss Natasha.
Natasha is moderately wounded.
The white imp gestures at you. The puff of frost hits you.
* * * LOW HITPOINT WARNING * * *
The crimson imp blinks! x2
Okay, then.
You hit Natasha.
Natasha is severely wounded.
Natasha struggles against the net.
The white imp gestures at you. The puff of frost hits you.
* * * LOW HITPOINT WARNING * * *
The crimson imp blinks!
Natasha casts a spell at you. The magic dart hits you!
You die...

....... ....... ##
....... #.. ......>#..
## .........# ##.. .
............##.... ...
............h.5....# .#.
.###....5..5@.....## ..
.. .................
...#.####...............
.##..##.........§...####
##.†###............##
##...)............##
.....####.........#
##†..# #.#..######
##..####..#..#


You could see Natasha (caught), 2 crimson imps and a white imp (summoned).

Vanquished Creatures
  Sigmund (D:2)
  Jessica (D:2)
  Natasha (D:3)
  4 gnolls (D:3)
  6 adders
  3 oozes (D:1)
  A worm (D:2)
  3 dart slugs (D:1)
  2 leopard geckos
  8 orcs (D:3)
  9 bats
  5 giant cockroaches
  5 goblins
  7 hobgoblins
  4 jackals (D:2)
  4 kobolds
  4 quokkas
  2 frilled lizards (D:2)
  5 rats (D:2)
75 creatures vanquished.

Notes
Turn   | Place    | Note
-------+----------+-------------------------------------------
     0 | D:1      | Borgoz the Gargoyle Gladiator began the quest for the Orb.
     0 | D:1      | Reached XP level 1. HP: 12/12 MP: 1/1
   259 | D:1      | Reached XP level 2. HP: 17/18 MP: 2/2
   333 | D:1      | Reached skill level 1 in Armour
   412 | D:1      | Reached XP level 3. HP: 22/22 MP: 3/3
  1391 | D:2      | Reached XP level 4. HP: 21/27 MP: 4/4
  1411 | D:2      | Noticed Sigmund
  1440 | D:2      | Killed Sigmund
  1441 | D:2      | Reached XP level 5. HP: 13/33 MP: 5/5
  1675 | D:2      | Reached XP level 6. HP: 38/38 MP: 6/6
  1743 | D:2      | Noticed Jessica
  1753 | D:2      | Killed Jessica
  2685 | D:3      | Noticed Natasha
  2693 | D:3      | Killed Natasha
  2696 | D:3      | Noticed Natasha
  2713 | D:3      | Killed from afar by Natasha

Illustrated notes

Levels and vault maps discovered:
D:1:      matt_arrival_spirals, layout_loops_ring, minmay_tree_intersection
D:2:      layout_basic, item_on_display_a, uniq_jessica, uniq_sigmund
D:3:      layout_rooms, corexii_hall_statues_x, tgw_kikubaaqudgha, uniq_natasha

Skill      XL: |  1  2  3  4  5  6 |
---------------+-------------------+-----
Armour         | 1 2 3 |  3.3
Fighting       | 3 4 |  4.2
Maces & Flails | 4 |  4.5
Dodging        | 3 |  3.7
Throwing       | |  1.7

Action                   |  1- 3 |  4- 6 || total
-------------------------+-------+-------++-------
Melee: Flail             |   108 |   204 ||   312
Throw: Throwing net      |       |     1 ||     1
  Use: Potion            |       |     5 ||     5
       Scroll            |       |     3 ||     3
Armor: Leather armour    |    68 |   104 ||   172
       Skin              |       |    13 ||    13
Dodge: Dodged            |   108 |   210 ||   318

Table legend: (Time is in decaauts)
 A = Elapsed time spent in this place.
 B = Non-inter-level travel time spent in this place.
 C = Inter-level travel time spent in this place.
 D = Time resting spent in this place.
 E = Time spent auto-exploring this place.
 F = Levels seen in this place.
 G = Mean time per level.
                   A        B        C        D        E       F      G
               +--------+--------+--------+--------+--------+-----+--------+
         Total |   2776 |   2751 |     25 |     59 |   2009 |   3 |  925.3 |
       Dungeon |   2776 |   2751 |     25 |     59 |   2009 |   3 |  925.3 |
               +--------+--------+--------+--------+--------+-----+--------+

Top non-repeatable levels by time:
     D:2: 1160 daAuts
     D:1: 1142 daAuts
     D:3: 473 daAuts
